AoeStats
← DKing

Black Forest

509923895Analyzed
4v4 RM · 3d ago on Sep 28, 2026· 55m 52s· 8 players
Game mode
Random Map
Map size
Large (8 player)
Population
200
Speed
Normal
Resources
Standard
Victory
Conquest
Starting age
Dark Age
Ending age
Imperial Age
RankedLock teamsTeams togetherTeam positionsShared explorationLock speedFull tech treeHidden civsTurbo modeCheats
Victory
Defeat
🇬🇷 Bohemians · Greece
1336
+13
🇩🇪 Vietnamese · Germany
1323
+14
🇵🇹 Persians · Portugal
1293
+15
🇬🇧 Turks · United Kingdom
1279
+15
🇧🇪 Varangians · Belgium
1347
-17
🇧🇷 Burmese · Brazil
1258
-14
🇦🇷 Koreans · Argentina
1235
-13
🇹🇷 Goths · Türkiye
1231
-13
DKing
4:59 Loom
12:40 Feudal Age
13:39 Double-Bit Axe
16:23 Castle Age
19:49 Bow Saw
23:08 Wheelbarrow
23:25 Fervor
25:21 Hand Cart
24:59 Fishing Lines
26:11 Horse Collar
26:42 Town Watch
27:04 Heavy Plow
30:31 Imperial Age
28:33 Gold Mining
29:32 Scale Barding Armor
29:38 Forging
32:15 Conscription
32:23 Chain Barding Armor
32:04 Elite War Elephant
33:49 Crop Rotation
34:07 Iron Casting
32:56 Light Cavalry
33:36 Husbandry
35:38 Chemistry
36:10 Plate Barding Armor
35:30 Hussar
36:20 Bloodlines
36:43 Caravan
38:48 Blast Furnace
41:10 Citadels
42:16 Pikeman
42:57 Squires
43:36 Scale Mail Armor
43:00 Halberdier
46:37 Two-Man Saw
45:39 Padded Archer Armor
45:29 Fletching
45:02 Crossbowman
45:45 Kamandaran
47:07 Bodkin Arrow
47:28 Leather Archer Armor
47:24 Thumb Ring
48:19 Ballistics
47:55 Murder Holes
51:11 Ring Archer Armor
53:50 Chain Mail Armor
zeeena
5:34 Loom
9:56 Feudal Age
10:38 Double-Bit Axe
17:15 Castle Age
29:14 Imperial Age
28:51 Bow Saw
29:19 Wheelbarrow
28:31 Fishing Lines
28:58 Town Watch
30:53 Fletching
31:04 Padded Archer Armor
32:22 Two-Man Saw
32:28 Hand Cart
31:57 Horse Collar
34:49 Bodkin Arrow
35:09 Leather Archer Armor
34:51 Elite Janissary
36:40 Conscription
36:55 Stone Mining
36:55 Gold Mining
37:25 Bracer
37:52 Ballistics
37:53 Bombard Tower
42:52 Heavy Plow
43:05 Caravan
44:29 Hoardings
47:26 Ring Archer Armor
47:02 Scale Barding Armor
46:58 Scale Mail Armor
47:09 Forging
47:32 Artillery
48:23 Thumb Ring
48:33 Bloodlines
48:25 Husbandry
47:45 Cavalier
52:32 Iron Casting
52:18 Chain Barding Armor
52:13 Chain Mail Armor
Heiner
0:26 Loom
13:50 Feudal Age
17:36 Castle Age
15:36 Double-Bit Axe
15:52 Horse Collar
18:32 Heavy Plow
24:30 Wheelbarrow
24:19 Gold Mining
25:23 Hand Cart
27:53 Fletching
29:11 Bodkin Arrow
29:20 Padded Archer Armor
30:12 Bow Saw
30:55 Leather Archer Armor
34:17 Imperial Age
31:59 Thumb Ring
31:14 Crossbowman
33:41 Ballistics
34:26 Arbalester
35:07 Bracer
35:39 Ring Archer Armor
36:10 Chemistry
38:43 Siege Engineers
41:28 Caravan
44:14 Two-Man Saw
47:25 Coinage
47:13 Guilds
Zzulu
2:09 Loom
13:10 Feudal Age
20:01 Castle Age
21:04 Double-Bit Axe
22:36 Fishing Lines
26:51 Gillnets
29:26 Chemistry
32:03 Imperial Age
30:53 Wheelbarrow
30:04 Town Watch
32:04 Pikeman
32:45 Squires
33:31 Scale Mail Armor
33:41 Forging
32:59 Houfnice
33:37 Halberdier
36:08 Iron Casting
35:48 Chain Mail Armor
38:14 Blast Furnace
37:04 Fletching
37:15 Padded Archer Armor
38:21 Siege Engineers
40:09 Bow Saw
47:13 Plate Mail Armor
46:59 Leather Archer Armor
46:39 Bodkin Arrow
54:24 Coinage
Royal Yakuza
11:27 Feudal Age
15:30 Castle Age
14:04 Double-Bit Axe
15:45 Fishing Lines
16:36 Bow Saw
17:34 Loom
20:59 Stone Mining
22:21 Horse Collar
26:09 Wheelbarrow
25:19 Town Watch
25:42 Scale Barding Armor
25:55 Gillnets
28:56 Imperial Age
26:12 Loom
27:17 Hand Cart
27:32 Bloodlines
27:23 Husbandry
27:36 Forging
29:14 Coinage
29:26 Heavy Plow
29:49 Ballistics
30:08 Conscription
29:08 Elite Jarl
29:34 Onager
30:29 Gold Mining
31:17 Stone Shaft Mining
31:20 Iron Casting
31:06 Caravan
32:12 Guilds
33:51 Blast Furnace
33:59 Banking
34:17 Crop Rotation
34:10 Chain Barding Armor
34:37 Fletching
38:47 Plate Barding Armor
38:08 Bodkin Arrow
51:05 Scale Mail Armor
51:06 Bracer
51:13 Siege Engineers
52:09 Chemistry
BaianinhoDeMaua
5:30 Loom
10:51 Feudal Age
15:12 Castle Age
23:56 Gold Mining
25:22 Gold Shaft Mining
29:38 Imperial Age
28:51 Wheelbarrow
28:43 Scale Barding Armor
28:49 Forging
29:19 Horse Collar
29:51 Husbandry
30:02 Bloodlines
30:34 Chain Barding Armor
31:10 Elite Battle Elephant
33:05 Plate Barding Armor
33:14 Conscription
34:37 Iron Casting
34:04 Howdah
36:43 Blast Furnace
36:50 Hand Cart
36:57 Devotion
36:33 Elite Arambai
37:30 Padded Archer Armor
38:09 Manipur Cavalry
40:34 Caravan
41:23 Light Cavalry
43:04 Hussar
50:38 Pikeman
51:19 Squires
51:06 Arson
51:22 Scale Mail Armor
51:49 Halberdier
52:36 Manipur Cavalry
55:30 Chain Mail Armor
a.tarikcam
0:26 Loom
14:50 Feudal Age
16:43 Double-Bit Axe
19:01 Castle Age
17:06 Horse Collar
18:46 Man-at-Arms
19:27 Scale Mail Armor
20:24 Chain Mail Armor
19:32 Long Swordsman
23:19 Bow Saw
28:01 Wheelbarrow
27:59 Fishing Lines
29:13 Gillnets
32:14 Hand Cart
35:30 Imperial Age
33:51 Forging
33:44 Squires
34:18 Pikeman
35:36 Iron Casting
35:55 Halberdier
35:57 Two-Handed Swordsman
37:10 Conscription
37:42 Guilds
37:51 Anarchy
39:46 Elite Huskarl
40:27 Perfusion
40:18 Champion
42:24 Chemistry
42:46 Blast Furnace
Weafol
2:06 Loom
2:06 Loom
9:46 Feudal Age
13:29 Fletching
22:48 Castle Age
21:30 Gold Mining
21:23 Horse Collar
21:36 Double-Bit Axe
23:46 Bodkin Arrow
31:06 Imperial Age
29:36 Eupseong
30:44 Ballistics
30:14 Treadmill Crane
30:54 Bow Saw
31:37 Arrowslits
34:00 Chemistry
33:41 Murder Holes
36:49 Masonry
36:49 Siege Engineers
38:10 Masonry
41:09 Crossbowman
41:55 Thumb Ring
42:14 Bracer
42:32 Arbalester
Connection lost

Rejoining the realm…

Still unreachable

The connection could not be restored.

Session expired

The server has moved on; the page needs a fresh start.